 Dungeon Crawl Stone Soup version 0.28.0-45-g0d030f2227 (webtiles) character file.

Game seed: 14753683664337683799

3413 MalarOregon the Skirmisher (level 9, -1/75 HPs)
             Began as a Palentonga Fighter on Apr 22, 2022.
             Was a Follower of Qazlal.
             Slain by a yak (11 damage)
             ... on level 8 of the Dungeon.
             The game lasted 00:16:13 (8711 turns).

MalarOregon the Skirmisher (Palentonga Fighter)     Turns: 8711, Time: 00:16:13

Health: -1/75      AC: 14    Str: 20    XL:     9   Next: 76%
Magic:  15/15      EV:  6    Int: 13    God:    Qazlal [*.....]
Gold:   401        SH: 21    Dex: 15    Spells: 9/16 levels left

rFire   . . .      SeeInvis +   a - +0 flail
rCold   . . .      Faith    .   f - +0 tower shield
rNeg    . . .      Spirit   .   E - +0 scale mail
rPois   .          Reflect  +   (no helmet)
rElec   .          Harm     .   (no cloak)
rCorr   .          Rampage  .   (no gloves)
Will    .....                   (no barding)
Stlth   ..........              m - amulet of reflection
HPRegen 0.22/turn               u - +6 ring of dexterity
MPRegen 0.14/turn               (no ring)

@: curled up
A: large, rugged brown scales 3, see invisible, deformed body, roll 1, armoured
tail, reflexive curl
a: Rolling Charge, Renounce Religion


You were on level 8 of the Dungeon.
You worshipped Qazlal.
Qazlal was aware of your devotion.
You visited 2 branches of the dungeon, and saw 9 of its levels.

You collected 401 gold pieces.


Innate Abilities, Weirdness & Mutations

You are completely covered in rugged brown scales. (AC +3, +7% HP)
You have supernaturally acute eyesight. (SInv)
Armour fits poorly on your strangely shaped body.
You can roll at nearby foes to attack.
You have a long armoured tail.
You curl defensively after being hit. (AC +7*)


   Skills:
 * Level 6.7 Fighting
 * Level 6.2 Maces & Flails
 * Level 5.5 Armour
 + Level 3.2 Dodging
 * Level 5.5 Shields
 * Level 4.0 Spellcasting
 + Level 1.2 Hexes
 + Level 1.3 Translocations
 + Level 1.5 Invocations
 + Level 1.2 Evocations


You had 9 spell levels left.
You knew the following spells:

 Your Spells              Type           Power      Damage    Failure   Level
a - Dazzling Flash        Conj/Hex       8%         N/A       100%        3
x - Iskenderun's Mystic   Conj/Tloc      4%         2d3       100%        4

Your spell library contained the following spells:

 Spells                   Type           Power      Damage    Failure   Level
 Apportation              Tloc           12%        N/A       88%         1
 Animate Skeleton         Necr           4%         N/A       97%         1
 Pain                     Necr           8%         1d4       97%         1
 Summon Small Mammal      Summ           8%         N/A       97%         1
 Animate Armour           Summ/Erth      4%         N/A       100%        4
 Cause Fear               Hex            2%         N/A       100%        4
 Agony                    Necr           2%         N/A       100%        5
 Blade Hands              Tmut           1%         N/A       100%        5
 Excruciating Wounds      Necr           1%         N/A       100%        5
 Iron Shot                Conj/Erth      1%         9d1       100%        6
 Starburst                Conj/Fire      1%         6d3       100%        6
 Dragon Form              Tmut           1%         N/A       100%        7
 Dragon's Call            Summ           1%         N/A       100%        9

Inventory:

Hand Weapons
 a - a +0 flail (weapon)
 b - a +2 hand axe of flaming
   (You took it off an orc on level 7 of the Dungeon)
 j - the +10 rapier "Wifujon" {freeze, Fly Will+ Stlth+}
   (You found it on level 5 of the Dungeon)

   It freezes those it strikes, dealing additional cold damage.
   It can also slow down cold-blooded creatures.
   Fly:       It grants you flight.
   Will:      It increases your willpower.
   Stlth:     It makes you more stealthy.
Missiles
 c - 15 poisoned darts (quivered)
 e - 2 throwing nets {!f}
 g - 5 boomerangs
 h - 75 stones
 t - 5 javelins
Armour
 f - a +0 tower shield (worn)
   (You found it on level 3 of the Dungeon)
 E - a +0 scale mail (worn)
Jewellery
 m - an amulet of reflection (around neck)
   (You found it on level 2 of the Dungeon)
 u - a +6 ring of dexterity (left hand)
   (You found it on level 4 of the Dungeon)
Wands
 p - a wand of charming (13)
   (You found it on level 2 of the Dungeon)
 x - a wand of acid (4)
   (You found it on level 5 of the Dungeon)
Scrolls
 i - 2 scrolls of teleportation {@r4}
 k - a scroll of amnesia {unknown}
 r - 2 scrolls of enchant weapon {unknown}
 v - 2 scrolls of fear {unknown}
 w - a scroll of blinking {unknown}
 y - a scroll of magic mapping {unknown}
 z - a scroll of identify {@r1}
 A - a scroll of immolation {unknown}
 B - a scroll of holy word {unknown}
 C - 3 scrolls of enchant armour {unknown}
 F - a scroll of noise {unknown}
Potions
 d - a potion of attraction {unknown}
 l - 9 potions of curing {@q1}
 n - 2 potions of brilliance
 o - 4 potions of flight
 q - 3 potions of lignification {!q}
 D - 3 potions of heal wounds {@q2}

Dungeon Overview and Level Annotations

Branches:
Dungeon (8/15)             Temple (1/1) D:6
   Lair: D:8-11

Altars:
Cheibriados
Dithmenos
Elyvilon
Fedhas
Gozag
Hepliaklqana
Kikubaaqudgha
Makhleb
Nemelex Xobeh
Okawaru
Qazlal
Ru
Sif Muna
Trog
Uskayaw
Vehumet
Wu Jian
Xom
Yredelemnul
Zin
The Shining One

Shops:
D:3

! ..P.# #......†.#..
#.# ....# #))......#..
#.# ...#
#####...........
#.#### l.#
...#.###......#
#.##.##h# #..#.#
####.... #.##....#
#..#.# #.... #.##h####
#..#.# #.#.. #.##.#
#######....# #...#
#.##.###..Y@....###
###.#
#........#####..## ...
####.#####
#...########... #.#
#...........
#.#########...########
#...........###
#############


You could see a yak.


Message History

You block the bullfrog's attack.
The black bear growls angrily.
You sock the bullfrog! You block the bullfrog's attack. x2
You closely miss the bullfrog. You block the bullfrog's attack. x2
You thump the bullfrog!
You kill the bullfrog!
Qazlal accepts your kill. The basilisk gazes at you.
You are slowing down.
Your Maces & Flails skill increases to level 6!
Your Translocations skill increases to level 1!
Unknown command.
Unknown command.
You feel limber!
You feel magically purged. You block the elephant's attack.
The elephant trunk-slaps you but does no damage.
Aiming: Corrosive Bolt
Press: ? - help, Shift-Dir - straight line, f - black bear
Aim: a black bear (79% to hit)
The bolt of acid hits the elephant!
The acid corrodes the elephant!
The bolt of acid hits the black bear!
The acid corrodes the black bear!
You block the elephant's attack. x2
You barely miss the elephant. You block the elephant's attack. x2
You hit the elephant but do no damage. You block the elephant's attack. x2
You barely miss the elephant. You block the elephant's attack. x3
The elephant trunk-slaps you but does no damage.
You hit the elephant. The elephant tramples you.
You stumble backwards!
You thump the elephant! You block the elephant's attack. x2
The elephant tramples you!
You stumble backwards!
You thump the elephant! The elephant tramples you!
You hold your ground!
You block the elephant's attack.
You sock the elephant! You tail-slap the elephant! The elephant tramples you!
* * * LOW HITPOINT WARNING * * *
You stumble backwards!
Aiming: Corrosive Bolt
Press: ? - help, Shift-Dir - straight line, f/p - black bear
Aim: a black bear (moderately wounded, covered in acid, 79% to hit)
The bolt of acid hits the elephant!
The bolt of acid hits the black bear!
The bolt of acid hits the basilisk!
The bolt of acid hits the yak!
The elephant barely misses you. You block the elephant's attack.
The black bear goes berserk!
Aiming: Corrosive Bolt
Press: ? - help, Shift-Dir - straight line, f/p - black bear
Aim: a black bear (almost dead, berserk, covered in acid, 79% to hit)
The bolt of acid hits the elephant!
You kill the elephant!
Qazlal accepts your kill.
The bolt of acid hits the black bear!!
The black bear seems to be corroded for longer.
You kill the black bear!
Qazlal accepts your kill.
The bolt of acid hits the basilisk!
The acid corrodes the basilisk!
The bolt of acid hits the yak!
The acid corrodes the yak!
Your Hexes skill increases to level 1!
Your Evocations skill increases to level 1!
Okay, then.
Roll where?
Press: ? - help, Dir - move target, f - basilisk
Aim: a basilisk (heavily wounded, covered in acid)
You roll forward with a clatter of scales!
You hit the basilisk. You tail-slap the basilisk.
You block the basilisk's attack. The basilisk gazes at you.
You resist with some effort.
You closely miss the basilisk. You tail-slap the basilisk.
You block the basilisk's attack.
You hit the basilisk. The basilisk gazes at you. You resist with some effort.
You closely miss the basilisk. You tail-slap the basilisk.
The basilisk bites you!
* * * LOW HITPOINT WARNING * * *
The basilisk gazes at you.
You are slowing down.
You sock the basilisk!
You kill the basilisk!
Qazlal accepts your kill.
The yak is no longer covered in acid.
You block the yak's attack.
You have turned to stone.
Your Spellcasting skill increases to level 4!
The yak gores you!
* * * LOW HITPOINT WARNING * * *
The yak barely misses you. The yak gores you but does no damage.
The yak gores you!
* * * LOW HITPOINT WARNING * * *
The yak gores you.
* * * LOW HITPOINT WARNING * * *
The yak gores you!
* * * LOW HITPOINT WARNING * * *
You turn to flesh and can move again.
Unknown command.
Unknown command.
You thump the yak! You block the yak's attack.
The yak gores you but does no damage.
You barely miss the yak. You block the yak's attack.
You hit the yak. The yak gores you!
You die...

Skill      XL: |  1  2  3  4  5  6  7  8  9 |
---------------+----------------------------+-----
Spellcasting   | 1 2 3 4 |  4.0
Armour         | 3 4 5 |  5.5
Dodging        | 1 2 3 |  3.2
Shields        | 3 4 5 |  5.5
Fighting       | 4 5 6 |  6.7
Maces & Flails | 3 4 5 6 |  6.2
Invocations    | 1 |  1.5
Translocations | 1 |  1.3
Hexes          | 1 |  1.2
Evocations     | 1 |  1.2

Action                   |  1- 3 |  4- 6 |  7- 9 || total
-------------------------+-------+-------+-------++-------
Melee: Flail             |    61 |    83 |   346 ||   490
       Tailslap          |     5 |     9 |    44 ||    58
Throw: Dart              |     2 |     6 |       ||     8
       Boomerang         |    42 |       |       ||    42
 Abil: Rolling Charge    |     2 |     3 |     9 ||    14
Evoke: Wand              |       |       |     5 ||     5
  Use: Potion            |       |     1 |     1 ||     2
       Scroll            |       |       |     8 ||     8
Armor: Scale mail        |    43 |    20 |   113 ||   176
Dodge: Dodged            |    19 |    16 |    80 ||   115
Block: Buckler           |    28 |    31 |       ||    59
       Reflection        |     1 |       |     4 ||     5
       Tower shield      |       |    12 |   422 ||   434

Levels and vault maps discovered:
D:1:      dpeg_arrival_radiant, layout_rooms
D:2:      layout_basic, minivault_25, kennysheep_small_spiral, corner_web_ring
D:3:      layout_rooms, trog_wizard, serial_forest, infiniplex_forest_join,
          infiniplex_forest_end_2, infiniplex_forest_end_3,
          infiniplex_forest_straight_4, infiniplex_forest_clump_diagonal,
          infiniplex_forest_lined_room_2, infiniplex_forest_straight_2,
          infiniplex_forest_straight_2, serial_shops, nicolae_diamond_shop,
          uniq_grinder
D:4:      layout_cave_pools, minitemple, nicolae_ru_sacrificial_ziggurat,
          minivault_27, kennysheep_generic_room_12
D:5:      layout_gridville
D:6:      layout_rooms, grunt_gozag_breadcrumbs, temple_pool_b
D:7:      layout_layer_cave
D:8:      layout_loops_ring, david_lair_generic, minmay_misc_feat_pillars,
          amcnicky_mini_corridor_feature,
          nicolae_concentric_dashed_squares_mild, hangedman_decor_lopped
Temple:   dpeg_chambers_temple

Notes
Turn   | Place    | Note
-------+----------+-------------------------------------------
     0 | D:1      | MalarOregon the Palentonga Fighter began the quest for the
                  | Orb.
     0 | D:1      | Reached XP level 1. HP: 19/19 MP: 1/1
    83 | D:1      | Reached XP level 2. HP: 9/25 MP: 2/2
    84 | D:1      | You pick up a book of Iron and begin reading...
    84 | D:1      | You add the spells Animate Armour, Blade Hands and Iron
                  | Shot to your library.
   754 | D:2      | Reached XP level 3. HP: 31/31 MP: 2/4
  1492 | D:3      | Noticed an orc warrior
  1756 | D:2      | Reached skill level 1 in Spellcasting
  1756 | D:2      | Reached XP level 4. HP: 29/37 MP: 5/5
  1883 | D:3      | HP: 8/37 [gnoll/+0 halberd (11)]
  2255 | D:3      | Reached skill level 3 in Armour
  2255 | D:3      | Reached skill level 1 in Dodging
  2304 | D:3      | Reached skill level 3 in Shields
  2304 | D:3      | Reached XP level 5. HP: 17/44 MP: 6/6
  2753 | D:3      | You pick up a book of Cantrips and begin reading...
  2753 | D:3      | You add the spells Animate Skeleton, Summon Small Mammal
                  | and Apportation to your library.
  2774 | D:3      | Found Laohog's Distillery.
  2809 | D:3      | Noticed Grinder
  2809 | D:3      | Paralysed by Grinder for 7 turns
  2826 | D:3      | Paralysed by Grinder for 2 turns
  2831 | D:3      | Killed Grinder
  2832 | D:3      | Reached skill level 4 in Fighting
  2832 | D:3      | Reached skill level 3 in Maces & Flails
  2832 | D:3      | Reached XP level 6. HP: 19/51 MP: 6/8
  3019 | D:3      | Found a bloodstained altar of Trog.
  3021 | D:3      | Noticed a wizard
  3026 | D:3      | Killed a wizard
  3324 | D:2      | Killed an orc warrior
  3392 | D:3      | Gained mutation: You curl defensively after being hit. (AC
                  | +7*) [Palentonga growth]
  3392 | D:3      | Reached XP level 7. HP: 17/58 MP: 9/9
  3959 | D:4      | Reached skill level 4 in Maces & Flails
  3959 | D:4      | Reached skill level 2 in Spellcasting
  4235 | D:4      | Found a white marble altar of Elyvilon.
  4235 | D:4      | Found a basalt altar of Yredelemnul.
  4240 | D:4      | Found an iron altar of Okawaru.
  4357 | D:4      | Found a sacrificial altar of Ru.
  4525 | D:4      | Found a glowing golden altar of the Shining One.
  4525 | D:4      | Found a stormy altar of Qazlal.
  4527 | D:4      | Found an ancient bone altar of Kikubaaqudgha.
  4528 | D:4      | Found an ornate altar of the Wu Jian Council.
  4529 | D:4      | Found a sparkling altar of Nemelex Xobeh.
  4534 | D:4      | Became a worshipper of Qazlal Stormbringer
  4632 | D:5      | Entered Level 5 of the Dungeon
  4700 | D:5      | Reached skill level 4 in Armour
  4700 | D:5      | Reached skill level 2 in Dodging
  4971 | D:5      | Reached skill level 5 in Fighting
  4971 | D:5      | Reached skill level 4 in Shields
  5211 | D:5      | Identified the +10 rapier "Wifujon" {freeze, Fly Will+
                  | Stlth+}
  5281 | D:5      | You pick up a book of the Dragon and begin reading...
  5281 | D:5      | You add the spells Cause Fear, Dragon Form and Dragon's
                  | Call to your library.
  5733 | D:6      | Reached XP level 8. HP: 65/66 MP: 11/11
  5811 | D:6      | HP: 16/66 [kobold/+0 whip (2)]
  5816 | D:6      | HP: 11/66 [kobold/+0 whip (2)]
  6103 | D:6      | Found a staircase to the Ecumenical Temple.
  6136 | D:6      | You pick up a book of Pain and begin reading...
  6136 | D:6      | You add the spells Pain, Agony and Excruciating Wounds to
                  | your library.
  6242 | D:6      | Found an opulent altar of Gozag.
  6494 | Temple   | Entered the Ecumenical Temple
  6758 | D:7      | Reached skill level 5 in Maces & Flails
  6820 | D:7      | You pick up a book of Spectacle and begin reading...
  6820 | D:7      | You add the spells Dazzling Flash, Iskenderun's Mystic
                  | Blast and Starburst to your library.
  7221 | D:7      | Reached skill level 6 in Fighting
  7221 | D:7      | Reached skill level 3 in Spellcasting
  7262 | D:7      | Reached skill level 5 in Armour
  7264 | D:7      | Reached * piety under Qazlal
  7609 | D:7      | Reached skill level 5 in Shields
  7609 | D:7      | Reached XP level 9. HP: 54/73 MP: 13/13
  7840 | D:7      | Learned a level 3 spell: Dazzling Flash
  7845 | D:7      | Learned a level 4 spell: Iskenderun's Mystic Blast
  8147 | D:8      | Reached skill level 3 in Dodging
  8503 | D:8      | Reached skill level 1 in Invocations
  8673 | D:8      | Noticed an elephant
  8678 | D:8      | Reached skill level 6 in Maces & Flails
  8678 | D:8      | Reached skill level 1 in Translocations
  8697 | D:8      | Killed an elephant
  8698 | D:8      | Reached skill level 1 in Hexes
  8698 | D:8      | Reached skill level 1 in Evocations
  8703 | D:8      | Reached skill level 4 in Spellcasting
  8706 | D:8      | HP: 18/75 [yak (4)]
  8711 | D:8      | Slain by a yak

Vanquished Creatures
  An elephant (D:8)
  Grinder (D:3)
  2 wyverns
  A basilisk (D:8)
  A steam dragon (D:8)
  2 water moccasins
  2 black bears
  An ice beast (D:8)
  2 ogres
  2 necrophages
  2 orc warriors
  3 centaurs
  A kobold brigand (D:6)
  A bullfrog (D:8)
  3 scorpions
  A water moccasin skeleton (D:6)
  A jelly (D:5)
  A hound (D:6)
  A gnoll shaman (D:7)
  2 centaur skeletons
  5 orc priests
  2 iguanas (D:6)
  2 orc wizards (D:3)
  A hound skeleton (D:4)
  A howler monkey zombie (D:6)
  12 gnolls
  7 adders
  A howler monkey skeleton (D:7)
  2 white imps
  An adder skeleton (D:4)
  A worm (D:2)
  28 orcs
  3 bats (D:1)
  2 endoplasms (D:1)
  3 giant cockroaches (D:1)
  6 goblins
  3 hobgoblins
  2 jackals (D:1)
  2 quokkas
  4 ball pythons
  2 frilled lizards
  9 kobolds
  3 rats
133 creatures vanquished.

Vanquished Creatures (others)
  A wizard (D:3)
  5 plants
6 creatures vanquished.

Grand Total: 139 creatures vanquished

Table legend:
 A = Non-vault XP
 B = Vault XP
 C = Vault XP percentage of total XP
 D = Non-vault monster count
 E = Vault monster count
 F = Vault count percentage of total count
                 A         B        C        D         E       F
            +---------+---------+-------+---------+---------+-------
      Total |    3753 |    1123 |  23.0 |     128 |       5 |   3.8
            +---------+---------+-------+---------+---------+-------
        D:1 |      36 |       0 |   0.0 |      21 |       0 |   0.0
        D:2 |     198 |       0 |   0.0 |      12 |       0 |   0.0
        D:3 |     246 |     286 |  53.8 |      18 |       1 |   5.3
        D:4 |     207 |      87 |  29.6 |      18 |       1 |   5.3
        D:5 |     199 |       0 |   0.0 |       3 |       0 |   0.0
        D:6 |     746 |       0 |   0.0 |      19 |       0 |   0.0
        D:7 |    1118 |       0 |   0.0 |      25 |       0 |   0.0
        D:8 |    1003 |     750 |  42.8 |      12 |       3 |  20.0
            +---------+---------+-------+---------+---------+-------

Illustrated notes

Table legend:
 A = Kills in this place as a percentage of kills in entire the game.
 B = Kills by you in this place as a percentage of kills by you in the entire game.
 C = Kills by friends in this place as a percentage of kills by friends in the entire game.
 D = Other kills in this place as a percentage of other kills in the entire game.
 E = Experience gained in this place as a percentage of experience gained in the entire game.
 F = Experience gained in this place divided by the number of levels of this place that you have seen.
                   A       B       C       D       E      F
               +-------+-------+-------+-------+-------+----------------------
         Total | 100.0 | 100.0 |   N/A |   N/A | 100.0 | 541.8
       Dungeon | 100.0 | 100.0 |   N/A |   N/A | 100.0 | 609.5
               +-------+-------+-------+-------+-------+----------------------

Table legend: (Time is in decaauts)
 A = Elapsed time spent in this place.
 B = Non-inter-level travel time spent in this place.
 C = Inter-level travel time spent in this place.
 D = Time resting spent in this place.
 E = Time spent auto-exploring this place.
 F = Levels seen in this place.
 G = Mean time per level.
                   A        B        C        D        E       F      G
               +--------+--------+--------+--------+--------+-----+--------+
         Total |   8944 |   8557 |    387 |   2223 |   4790 |   9 |  993.8 |
       Dungeon |   8738 |   8360 |    378 |   2223 |   4602 |   8 | 1092.2 |
        Temple |    206 |    197 |      9 |      0 |    188 |   1 |  206.0 |
               +--------+--------+--------+--------+--------+-----+--------+

Top non-repeatable levels by time:
     D:2: 1486 daAuts
     D:7: 1390 daAuts
     D:3: 1295 daAuts
     D:4: 1101 daAuts
     D:6: 969 daAuts
     D:5: 959 daAuts
     D:1: 886 daAuts
     D:8: 650 daAuts
  Temple: 206 daAuts
